 Dungeon Crawl Stone Soup version 0.22-a0-282-gdd34a7d (webtiles) character file.

35 Amnesiac the Gusty (level 3, 0/21 HPs)
             Began as a Tengu Air Elementalist on Mar 17, 2018.
             Slain by a ball python (1 damage)
             ... on level 1 of the Dungeon.
             The game lasted 00:01:04 (645 turns).

Amnesiac the Gusty (Tengu Air Elementalist)          Turns: 645, Time: 00:01:05

Health: 0/21       AC:  2    Str:  8    XL:     3   Next: 35%
Magic:  6/7        EV: 10    Int: 16    God:
Gold:   43         SH:  0    Dex: 14    Spells: 5/6 levels left

rFire    . . .     SeeInvis .   o - +1 short sword (drain)
rCold    . . .     Gourm    .   (no shield)
rNeg     . . .     Faith    .   a - +0 robe
rPois    .         Spirit   .   (helmet restricted)
rElec    .         Reflect  .   (no cloak)
rCorr    .         Harm     .   (no gloves)
MR       .....                  (boots unavailable)
Stlth    ++........             (no amulet)
HPRegen  0.07/turn              (no ring)
MPRegen  0.10/turn              (no ring)

@: very slightly contaminated, constricted, drained
A: beak, talons 3
a: no special abilities


You were on level 1 of the Dungeon.
You were not hungry.

You visited 1 branch of the dungeon, and saw 1 of its levels.

You collected 43 gold pieces.

Inventory:

Hand Weapons
 f - a +2 dagger of flaming
 o - a +1 short sword of draining (weapon)
Armour
 a - a +0 robe (worn)
Scrolls
 e - 2 scrolls of identify {!r, unknown}
 g - a scroll of magic mapping {!r, unknown}
 j - a scroll of amnesia {!r, unknown}
 m - 2 scrolls of fear {!r, unknown}
 n - a scroll of enchant armour {!r, unknown}
Potions
 d - a potion of ambrosia {!q, unknown}
 h - a potion of berserk rage {!q, unknown}
 i - a potion of curing {!q, unknown}
 k - a potion of flight {!q, unknown}
 l - 2 potions of mutation {!q, unknown}
Comestibles
 b - 5 chunks of flesh
 c - 2 rations


   Skills:
 * Level 2.2(2.0) Fighting
 * Level 2.6(2.4) Dodging
 - Level 2.0(1.7) Stealth
 - Level 2.0(1.7) Spellcasting
 + Level 2.0(1.7) Conjurations
 - Level 4.0(3.7) Air Magic


You had 5 spell levels left.
You knew the following spells:

 Your Spells              Type           Power        Failure   Level  Hunger
a - Shock                 Conj/Air       ##..         7%          1    ##.....


Dungeon Overview and Level Annotations

Branches:
Dungeon (1/15)

Altars:


Innate Abilities, Weirdness & Mutations

You have a beak for a mouth.
You have claws for feet.


Message History

There is an open door here.
A kobold is nearby!
You closely miss the kobold. The kobold closely misses you.
A kobold is nearby!
You hit the kobold. You burn the kobold.
The kobold is severely wounded.
The kobold hits you with a short sword of draining.
* * * LOW HITPOINT WARNING * * *
You feel drained.
* * * LOW HITPOINT WARNING * * *
A kobold is nearby!
You hit the kobold. You burn the kobold.
You kill the kobold!
Your base Conjurations skill increases to level 2!
You now have 43 gold pieces (gained 13).
Key pressed, stopping explore.
No target in view!
Things that are here:
a short sword of draining; a kobold corpse No target in view!
o - a short sword of draining Wield which item (- for none, * to show all)? (? for menu, Esc to quit)
Your +2 dagger of flaming stops flaming.
You sense an unholy aura.
o - a +1 short sword of draining (weapon)
You open the door.
A leopard gecko comes into view.
Found a scroll labeled SIYXKIR LAKHLU.
A ball python comes into view.
The leopard gecko hisses angrily.
Found a scroll labeled VOPIAPHOM EKKE.
There is an open door here.
There are monsters nearby!
There are monsters nearby!
The leopard gecko barely misses you.
There are monsters nearby!
You barely miss the leopard gecko. The leopard gecko bites you.
* * * LOW HITPOINT WARNING * * *
The ball python bites you.
* * * LOW HITPOINT WARNING * * *
The ball python misses you. The leopard gecko bites you.
* * * LOW HITPOINT WARNING * * *
There are monsters nearby!
You are too injured to fight recklessly!
There are monsters nearby!
You are too injured to fight recklessly!
There are monsters nearby!
You are too injured to fight recklessly!
There are monsters nearby!
You are too injured to fight recklessly!
There are monsters nearby!
You are too injured to fight recklessly!
There is an open door here.
Casting: Shock (safe; 7% risk of failure)
Confirm with . or Enter, or press ? or * to list all spells.
Aiming: Shock (safe; 7% risk of failure)
Press: ? - help, Shift-Dir - straight line, f - ball python
Aim: a ball python You miscast Shock.
You are very lightly contaminated with residual magic.
Nothing appears to happen.
The ball python bites you.
* * * LOW HITPOINT WARNING * * *
The ball python grabs you.
You die...

#.....#........ #........ #
#####........ #.
#...#........ ##..
#...#........
#...##+########...#........
#........#....#(..#........
#........#....#...######'##
#.?.....lS@...'....# #.#
#..?.....#....#....# #.#
#........#..†.#....#####.#
##########....#.......##.#
#....##......##.#
#######......##.#
#......##.# #......##.#
#...[..##.#


You could see a leopard gecko and a ball python.

Vanquished Creatures
  A gnoll (D:1)
  An ooze (D:1)
  2 bats (D:1)
  A giant cockroach (D:1)
  3 goblins (D:1)
  4 hobgoblins (D:1)
  2 kobolds (D:1)
  2 ball pythons (D:1)
  A frilled lizard (D:1)
  3 rats (D:1)
20 creatures vanquished.

Notes
Turn   | Place    | Note
-------+----------+-------------------------------------------
     0 | D:1      | Amnesiac the Tengu Air Elementalist began the quest for the Orb.
     0 | D:1      | Reached XP level 1. HP: 10/10 MP: 4/4
    40 | D:1      | Reached skill level 1 in Fighting
    93 | D:1      | Reached XP level 2. HP: 16/16 MP: 1/6
   532 | D:1      | Reached XP level 3. HP: 17/21 MP: 7/7
   645 | D:1      | HP: 1/21 [ball python (2)]
   645 | D:1      | Slain by a ball python

Vault maps used:
D:1:      minmay_arrival_jagged

Skill      XL: |  1  2  3 |
---------------+----------+-----
Fighting       | 1 2 |  2.2
Conjurations   | 2 |  2.0
Dodging        | |  2.6
Stealth        | |  2.0
Spellcasting   | |  2.0
Air Magic      | |  4.0

Action                   || total
-------------------------++-------
Melee: Unarmed           ||     4
       Kick              ||     4
       Dagger            ||    35
       Peck              ||     4
       Short sword       ||     1
 Cast: Shock             ||    10
 Stab: Sleeping          ||     3
Armor: Robe              ||    11
Dodge: Dodged            ||    24

Table legend:
 A = Spawn XP
 B = Non-spawn XP
 C = Spawn XP percentage of total XP
 D = Spawn monster count
 E = Non-spawn monster count
 F = Spawn count percentage of total count
 G = Total turns spent on level
                    A         B        C        D         E        F      G
               +---------+---------+-------+---------+---------+-------+---------
         Total |       0 |      51 |   0.0 |       0 |      20 |   0.0 |   645
               +---------+---------+-------+---------+---------+-------+---------
           D:1 |       0 |      51 |   0.0 |       0 |      20 |   0.0 |   645
               +---------+---------+-------+---------+---------+-------+---------
